 Dungeon Crawl Stone Soup version 0.30-a0-613-gdd512c7efb (webtiles) character file.

Game seed: 4562133865365291916

47 DeadOnArrival the Cudgeller (level 3, -1/37 HPs)
             Began as an Ogre Gladiator on Jan 8, 2023.
             Splashed by a jelly's acid (10 damage)
             ... on level 2 of the Dungeon.
             The game lasted 00:01:32 (831 turns).

DeadOnArrival the Cudgeller (Ogre Gladiator)         Turns: 831, Time: 00:01:33

Health: -1/37      AC: -1    Str: 20    XL:     3   Next: 70%
Magic:  3/3        EV: 10    Int:  9    God:
Gold:   66         SH:  5    Dex: 10    Spells: 2/2 levels left

rFire   . . .      SeeInvis .    a - +0 flail
rCold   . . .      Faith    .    (no shield)
rNeg    . . .      Spirit   .    b - +0 robe
rPois   .          Reflect  +    c - +0 hat
rElec   .          Harm     .    (no cloak)
rCorr   .          Rampage  .    (gloves unavailable)
Will    .....                    (boots unavailable)
Stlth   +                        k - amulet of reflection
HPRegen 0.26/turn                Z - ring of wizardry
MPRegen 0.08/turn                (no ring)

@: corroded
A: large, unfitting armour, tough skin 1
a: no special abilities


You were on level 2 of the Dungeon.
You visited 1 branch of the dungeon, and saw 2 of its levels.

You collected 66 gold pieces.


Innate Abilities, Weirdness & Mutations

You are too large for most types of armour.
You have tough skin. (AC +1)


   Skills:
 + Level 3.4 Fighting
 * Level 3.5 Maces & Flails
 - Level 2.0 Throwing
 + Level 3.1 Dodging


You had 2 spell levels left.
You didn't know any spells.
Your spell library contained the following spells:

 Spells                   Type           Power      Damage    Failure   Level
 Fireball                 Conj/Fire      0%         3d3       98%         5
 Iskenderun's Battlesphe  Conj           0%         2d6       98%         5
 Conjure Ball Lightning   Conj/Air       0%         3x3d6     100%        6
 Orb of Destruction       Conj           0%         9d5       100%        7

Inventory:

Hand Weapons
 a - a +0 flail (weapon)
Missiles
 d - 3 throwing nets {=f!f}
 e - a large rock {=f}
 g - 4 stones (quivered)
Armour
 b - a +0 robe (worn)
 c - a +0 hat (worn)
Magical Staves
 m - a staff of poison {!a}
   (You found it on level 2 of the Dungeon)
Jewellery
 k - an amulet of reflection (around neck)
   (You found it on level 1 of the Dungeon)
 Z - a ring of wizardry (left hand)
   (You took it off a hobgoblin on level 1 of the Dungeon)
Scrolls
 h - 2 scrolls of identify {unknown}
 i - a scroll of fog {unknown}
 j - a scroll of noise {unknown}
 l - a scroll of enchant weapon {unknown}
Potions
 f - 2 potions of attraction {unknown}

Dungeon Overview and Level Annotations

Branches:
Dungeon (2/15) Zot: 11152

Altars:

.#.#. $ .... #.##...
###..... # ###.......
.. ....##... #.##...#
#.J## #......###.#@##
#.......###.# .####
#.#.<# #.#.## .....
#.#..# #..##
#....##.#..# #..#
#.#.....#..###..#
#........>......#
##.###...>.###..#####.#
......................#


You could see a jelly.


Message History

The rat closely misses you.
The rat bites you but does no damage. 😕 HP[+1]
You hit the rat but do no damage. The rat bites you but does no damage.
You barely miss the rat. The rat barely misses you.
You sock the rat!
You kill the rat!
The endoplasm misses you. 😎 HP[+1]
Your hp is fully restored (37).
You sock the endoplasm!
You kill the endoplasm!
No target in view!
No target in view!
No target in view!
No target in view!
Key pressed, stopping explore.
You open the door.
An endoplasm comes into view.
The endoplasm quivers.
An endoplasm is nearby!
An endoplasm is nearby!
You sock the endoplasm!
You kill the endoplasm!
No target in view!
No target in view!
There is an open door here.
Key pressed, stopping explore.
There is an open door here.
You see here a hobgoblin skeleton.
You see here a +0 leather armour.
k - an amulet of reflection You start putting on your amulet.
You continue putting on your amulet of reflection. x5
You finish putting on your amulet of reflection.
You feel a shielding aura gather around you.
k - an amulet of reflection (around neck) Key pressed, stopping explore.
There is an open door here.
Partly explored, can't reach some places.
Key pressed, stopping explore.
There is an open door here.
You enter the shallow water.
There is a stone staircase leading down here.
You climb downwards.
Found a scroll labelled DEL NOJASE.
Found an escape hatch in the floor.
Found a stone staircase leading down.
There is a stone staircase leading up here.
There is an escape hatch in the floor here.
h - 2 scrolls labelled DEL NOJASE (gained 1)
You now have 66 gold pieces (gained 12).
l - a scroll labelled COGEUSMEOT
m - a staff of poison {!a} A jelly comes into view.
Okay, then.
You throw a stone. The stone hits the jelly.
The jelly quivers.
An adder comes into view.
You throw a stone. The stone closely misses the adder.
The adder hisses angrily.
You throw a stone. The stone misses the adder.
You throw a stone. The stone hits the jelly.
An adder comes into view.
The adder hisses angrily.
You sock the adder!
You kill the adder!
You throw a stone. The stone hits the jelly.
The adder closely misses you.
You miss the adder. The adder bites you.
You are poisoned.
The adder poisons you! 😕 HP[-3]
You take 3 damage, and now have 34/37 hp.
You completely miss the adder.
You feel sick. You block the adder's attack.
The adder closely misses you. 😕 HP[-2]
You take 2 damage, and now have 32/37 hp.
You closely miss the adder.
You feel sick. The adder misses you. 😕 HP[-1]
You take 1 damage, and now have 31/37 hp.
You sock the adder!
You feel sick.
You are no longer poisoned.
The adder closely misses you. The adder bites you but does no damage.
You hit the adder.
You kill the adder!
You hit the jelly.
Your hands burn!
You punch the jelly. You block the jelly's attack. 😕 HP[-2]
You take 2 damage, and now have 29/37 hp.
You hit the jelly.
Your hands burn!
The jelly hits you. The acid corrodes you!
You are splashed with acid!
* * * LOW HITPOINT WARNING * * *
😨 HP[-16]
You take 16 damage, and now have 13/37 hp.
MASSIVE DAMAGE!! (PAUSE)
You are too injured to fight recklessly!
You hit the jelly.
Your hands burn!
* * * LOW HITPOINT WARNING * * *
The jelly hits you.
* * * LOW HITPOINT WARNING * * *
You are splashed with acid!
You die...

Skill      XL: |  1  2 |
---------------+-------+-----
Maces & Flails | 3 |  3.5
Fighting       | 3 |  3.4
Dodging        | 3 |  3.1
Throwing       | |  2.0

Action                   || total
-------------------------++-------
Melee: Flail             ||    68
       Punch             ||     1
Throw: Stone             ||     5
Armor: Robe              ||    20
Dodge: Dodged            ||    42
Block: Other             ||     2

Levels and vault maps discovered:
D:1:      beargit_arrival_diablo_church, layout_basic,
          nicolae_ecumenical_lake_church
D:2:      layout_loops_ring

Notes
Turn   | Place    | Note
-------+----------+-------------------------------------------
     0 | D:1      | DeadOnArrival the Ogre Gladiator began the quest for the
                  | Orb.
     0 | D:1      | Reached XP level 1. HP: 22/22 MP: 1/1
     0 | D:1      | magus.rc [v1.11.4]
   236 | D:1      | You pick up a book of the Spheres and begin reading...
   236 | D:1      | You add the spells Iskenderun's Battlesphere, Fireball,
                  | Conjure Ball Lightning and Orb of Destruction to your
                  | library.
   251 | D:1      | Reached skill level 3 in Maces & Flails
   251 | D:1      | Reached XP level 2. HP: 29/29 MP: 2/2
   259 | D:1      | Reached skill level 3 in Fighting
   428 | D:1      | Found a faded altar of an unknown god.
   590 | D:1      | Reached skill level 3 in Dodging
   590 | D:1      | Reached XP level 3. HP: 37/37 MP: 3/3
   831 | D:2      | HP: 9/37 [jelly (2)]
   831 | D:2      | Splashed by a jelly's acid

Vanquished Creatures
  2 adders (D:2)
  3 ball pythons (D:1)
  2 bats (D:1)
  5 endoplasms (D:1)
  3 goblins (D:1)
  4 hobgoblins (D:1)
  A quokka (D:1)
  A frilled lizard (D:1)
  4 kobolds (D:1)
  2 rats (D:1)
27 creatures vanquished.

Table legend:
 A = Non-vault XP
 B = Vault XP
 C = Vault XP percentage of total XP
 D = Non-vault monster count
 E = Vault monster count
 F = Vault count percentage of total count
                 A         B        C        D         E       F
            +---------+---------+-------+---------+---------+-------
      Total |      68 |       0 |   0.0 |      27 |       0 |   0.0
            +---------+---------+-------+---------+---------+-------
        D:1 |      42 |       0 |   0.0 |      25 |       0 |   0.0
        D:2 |      26 |       0 |   0.0 |       2 |       0 |   0.0
            +---------+---------+-------+---------+---------+-------

Illustrated notes

Table legend:
 A = Kills in this place as a percentage of kills in entire the game.
 B = Kills by you in this place as a percentage of kills by you in the entire game.
 C = Kills by friends in this place as a percentage of kills by friends in the entire game.
 D = Other kills in this place as a percentage of other kills in the entire game.
 E = Experience gained in this place as a percentage of experience gained in the entire game.
 F = Experience gained in this place divided by the number of levels of this place that you have seen.
                   A       B       C       D       E      F
               +-------+-------+-------+-------+-------+----------------------
         Total | 100.0 | 100.0 |   N/A |   N/A | 100.0 |  34.0
       Dungeon | 100.0 | 100.0 |   N/A |   N/A | 100.0 |  34.0
               +-------+-------+-------+-------+-------+----------------------

Table legend: (Time is in decaauts)
 A = Elapsed time spent in this place.
 B = Non-inter-level travel time spent in this place.
 C = Inter-level travel time spent in this place.
 D = Time resting spent in this place.
 E = Time spent auto-exploring this place.
 F = Levels seen in this place.
 G = Mean time per level.
                   A        B        C        D        E       F      G
               +--------+--------+--------+--------+--------+-----+--------+
         Total |    846 |    811 |     35 |     42 |    594 |   2 |  423.0 |
       Dungeon |    846 |    811 |     35 |     42 |    594 |   2 |  423.0 |
               +--------+--------+--------+--------+--------+-----+--------+

Top non-repeatable levels by time:
     D:1: 796 daAuts
     D:2: 50 daAuts
